2416 views
Uploaded 2024-01-14 11:57:10
Game version 1.36 (6115)
14:53 long 1on1 custom game on (4)TurtleRock
Game name "tgrfdgfd"
Saved by Predator
2416 views
Uploaded 2024-01-14 11:57:10
Game version 1.36 (6115)
14:53 long 1on1 custom game on (4)TurtleRock
Game name "tgrfdgfd"

33 units @ 4.1k
/ 0.9k
11 buildings @ 1.8k
/ 0.7k


| Potion of Healing | 2 | 300 |
| Moonstone | 2 | 100 |
| Staff of Preservation | 1 | 150 |
| Scroll of Town Portal | 1 | 350 |
| Circlet of Nobility | 1 | 175 |
| Staff of Teleportation | 1 | 150 |
| total: | 8 | 1225g |
| Wisp | 15 | 900 | / | 0 |
| Archer | 6 | 780 | / | 60 |
| Dryad | 6 | 870 | / | 360 |
| Druid of the Claw | 6 | 1530 | / | 480 |
| total: | 33 | 4080g | / | 900w |
| Altar of Elders | 1 | 180 | / | 50 |
| Moon Well | 5 | 900 | / | 200 |
| Ancient of War | 1 | 150 | / | 60 |
| Hunter's Hall | 1 | 210 | / | 100 |
| Ancient of Wonders | 1 | 90 | / | 30 |
| Ancient of Lore | 2 | 310 | / | 290 |
| Tree of Ages | 1 | 320 | / | 180 |
| Tree of Eternity | 1 | 330 | / | 200 |
| total: | 11 | 1840g | / | 730w |
| 0:02 | Wisp |
| 0:02 | Wisp |
| 0:03 | Altar of Elders |
| 0:17 | Moon Well |
| 0:21 | Ancient of War |
| 0:30 | Wisp |
| 0:38 | Wisp |
| 0:51 | Wisp |
| 1:00 | Wisp |
| 1:16 | Wisp |
| 1:21 | Archer |
| 1:27 | Wisp |
| 1:41 | Wisp |
| 2:28 | Moon Well |
| 2:29 | Wisp |
| 2:37 | Evasion |
| 2:48 | Tree of Ages |
| 3:13 | Mana Burn |
| 3:21 | Archer |
| 3:22 | Archer |
| 3:33 | Hunter's Hall |
| 3:49 | Circlet of Nobility |
| 3:49 | Staff of Teleportation |
| 4:01 | Archer |
| 5:06 | Archer |
| 5:06 | Archer |
| 5:09 | Ancient of Lore |
| 5:11 | Ancient of Lore |
| 5:56 | Moon Well |
| 5:58 | Wisp |
| 5:58 | Wisp |
| 6:08 | Frost Arrows |
| 6:33 | Abolish Magic |
| 6:48 | Dryad |
| 7:24 | Dryad |
| 7:36 | Ancient of Wonders |
| 7:46 | Dryad |
| 7:59 | Moon Well |
| 8:00 | Wisp |
| 8:15 | Tree of Eternity |
| 8:25 | Moon Well |
| 8:44 | Potion of Healing |
| 8:45 | Moonstone |
| 8:47 | Staff of Preservation |
| 9:25 | Dryad |
| 10:54 | Dryad |
| 10:57 | Druid of the Claw Adept Training |
| 10:58 | Druid of the Claw |
| 11:02 | Moonstone |
| 11:13 | Potion of Healing |
| 11:14 | Scroll of Town Portal |
| 11:20 | Mana Burn |
| 11:26 | Well Spring |
| 11:39 | Druid of the Claw |
| 11:40 | Druid of the Claw Master Training |
| 11:46 | Forked Lightning |
| 11:57 | Wisp |
| 11:57 | Wisp |
| 12:24 | Druid of the Claw |
| 12:32 | Druid of the Claw |
| 13:11 | Druid of the Claw |
| 14:23 | Evasion |
| 14:33 | Dryad |
| 14:33 | Druid of the Claw |
| 14:37 | Frost Arrows |
| Right click | 728 |
| Select | 297 |
| Select group | 168 |
| Build/train/purchase | 81 |
| Use ability | 52 |
| Assign group | 38 |
| Item give/drop | 10 |
| Misc. action | 8 |
| Esc | 3 |
33 units @ 4.5k
/ 0.4k
17 buildings @ 1.7k
/ 0.7k


| Scroll of Regeneration | 3 | 300 |
| Potion of Healing | 3 | 450 |
| Lesser Clarity Potion | 1 | 70 |
| Dust of Appearance | 1 | 75 |
| Boots of Speed | 1 | 250 |
| total: | 9 | 1145g |
| Peasant | 12 | 900 | / | 0 |
| Footman | 5 | 675 | / | 0 |
| Rifleman | 7 | 1435 | / | 210 |
| Sorceress | 3 | 465 | / | 60 |
| Priest | 3 | 405 | / | 30 |
| Spell Breaker | 3 | 645 | / | 90 |
| total: | 33 | 4525g | / | 390w |
| Scout Tower | 1 | 30 | / | 20 |
| Arcane Tower | 1 | 70 | / | 50 |
| Altar of Kings | 1 | 180 | / | 50 |
| Farm | 10 | 800 | / | 200 |
| Barracks | 1 | 160 | / | 60 |
| Blacksmith | 1 | 140 | / | 60 |
| Arcane Vault | 1 | 130 | / | 30 |
| Arcane Sanctum | 2 | 300 | / | 280 |
| Keep | 1 | 320 | / | 210 |
| total: | 17 | 1740g | / | 700w |
| 0:02 | Peasant |
| 0:02 | Peasant |
| 0:06 | Altar of Kings |
| 0:10 | Farm |
| 0:13 | Peasant |
| 0:33 | Barracks |
| 0:44 | Peasant |
| 0:44 | Peasant |
| 0:51 | Peasant |
| 0:58 | Farm |
| 1:34 | Footman |
| 1:39 | Farm |
| 1:41 | Peasant |
| 1:42 | Peasant |
| 1:53 | Footman |
| 2:05 | Scout Tower |
| 2:13 | Summon Water Elemental |
| 2:24 | Farm |
| 2:33 | Peasant |
| 2:34 | Peasant |
| 2:35 | Footman |
| 2:37 | Arcane Tower |
| 2:47 | Footman |
| 3:22 | Brilliance Aura |
| 3:29 | Keep |
| 3:30 | Footman |
| 4:03 | Blacksmith |
| 4:10 | Arcane Vault |
| 5:22 | Boots of Speed |
| 5:23 | Dust of Appearance |
| 5:32 | Rifleman |
| 5:36 | Farm |
| 5:54 | Scroll of Regeneration |
| 6:09 | Frost Arrows |
| 6:23 | Arcane Sanctum |
| 6:42 | Potion of Healing |
| 6:56 | Rifleman |
| 7:24 | Rifleman |
| 7:40 | Long Rifles |
| 7:43 | Sorceress |
| 7:43 | Priest |
| 7:48 | Arcane Sanctum |
| 7:55 | Farm |
| 8:22 | Summon Water Elemental |
| 8:38 | Priest |
| 8:42 | Scroll of Regeneration |
| 8:45 | Potion of Healing |
| 9:33 | Farm |
| 9:35 | Farm |
| 9:35 | Farm |
| 9:36 | Farm |
| 10:03 | Peasant |
| 10:03 | Peasant |
| 11:09 | Sorceress |
| 11:11 | Spell Breaker |
| 11:14 | Priest |
| 11:16 | Rifleman |
| 11:16 | Rifleman |
| 12:12 | Forked Lightning |
| 12:17 | Scroll of Regeneration |
| 12:20 | Lesser Clarity Potion |
| 12:23 | Potion of Healing |
| 12:33 | Spell Breaker |
| 12:34 | Rifleman |
| 13:16 | Sorceress |
| 14:15 | Spell Breaker |
| 14:17 | Rifleman |
| Right click | 797 |
| Select group | 346 |
| Select | 290 |
| Build/train/purchase | 80 |
| Misc. action | 44 |
| Assign group | 31 |
| Use ability | 3 |
| Item give/drop | 2 |
| Remove unit | 1 |